 Dungeon Crawl Stone Soup version 0.18.1-48-g4cf74bf (webtiles) character file.

567 Metae the Covered (level 7, -1/66 HPs)
             Began as a Deep Dwarf Fighter on June 28, 2016.
             Was a Follower of Zin.
             Splashed by Pikel's acid (6 damage)
             ... on level 4 of the Dungeon.
             The game lasted 00:19:49 (2896 turns).

Metae the Covered (Deep Dwarf Fighter)              Turns: 2896, Time: 00:19:49

Health: -1/66      AC:  3    Str: 19    XL:     7   Next: 11%
Magic:  7/7        EV:  8    Int:  9    God:    Zin [*.....]
Gold:   134        SH:  9    Dex: 14    Spells: 0 memorised, 6 levels left

rFire  + . .     SeeInvis +     a - +0 trident
rCold  . . .     Gourm    .     v - +2 scale mail {rF+}
rNeg   . . .     Faith    .     c - +0 shield
rPois  .         Spirit   .     y - +0 helmet
rElec  .         Dismiss  .     (no cloak)
rCorr  .         Reflect  .     (no gloves)
SustAt .         Harm     .     (no boots)
MR     +....                    (no amulet)
Stlth  +.........               u - -3 ring of protection (curse)
                                g - ring of see invisible

@: corroded, non-regenerating, somewhat resistant to hostile enchantments, very
unstealthy
A: damage resistance, recharge devices, sense surroundings 1, slow regeneration
3
a: Device Recharging, Recite, Donate Gold, Renounce Religion


You were on level 4 of the Dungeon.
You worshipped Zin.
Zin was aware of your devotion.
You were not hungry.

You visited 1 branch of the dungeon, and saw 4 of its levels.

You collected 148 gold pieces.
You donated 14 gold pieces to Zin.

Inventory:

Hand Weapons
 a - a +0 trident (weapon)
 t - a +0 spear
Missiles
 n - 12 poisoned needles
Armour
 b - a +0 scale mail
 c - a +0 shield (worn)
 m - a +0 plate armour
 s - a +0 chain mail
 v - a +2 scale mail of fire resistance (worn)
 y - a +0 helmet (worn)
Jewellery
 g - a ring of see invisible (left hand)
 p - an uncursed ring of positive energy
 r - a +2 ring of intelligence
 u - a cursed -3 ring of protection (right hand)
 x - a cursed amulet of inaccuracy {unknown}
 B - an uncursed amulet of the gourmand {unknown}
Wands
 e - a wand of heal wounds (5/9)
 E - a wand of lightning (3/15)
Scrolls
 h - 2 scrolls of fear
 k - 4 scrolls of teleportation
 l - 2 scrolls of random uselessness
 z - a scroll of recharging {unknown}
 A - a scroll of magic mapping {unknown}
 D - a scroll of enchant weapon {unknown}
Potions
 d - 2 potions of might
 i - 3 potions of curing {unknown}
 j - a potion of heal wounds {unknown}
 q - a potion of cancellation {unknown}
 w - a potion of invisibility {unknown}
Comestibles
 f - a bread ration
 o - 2 fruits
 C - a meat ration


   Skills:
 * Level 4.3 Fighting
 + Level 3.0 Polearms
 * Level 5.1 Armour
 + Level 2.6 Dodging
 + Level 2.7 Stealth
 + Level 4.1 Shields
 + Level 0.6 Invocations
 + Level 2.2 Evocations


You had 6 spell levels left.
You didn't know any spells.

Dungeon Overview and Level Annotations

Branches:
Dungeon (4/15)
 Temple: D:4-7

Altars:
Ashenzari
Fedhas
Sif Muna
Zin

Annotations:
D:4 Pikel


Innate Abilities, Weirdness & Mutations

You are resistant to damage.
You can recharge devices by infusing magical energy.
You passively map a small area around you.
You do not regenerate naturally.


Message History

The acid burns!
You hit Pikel but do no damage.
Pikel is lightly wounded.
Pikel zaps a wand.
The bolt of acid misses you. Pikel closely misses you.
You hit Pikel but do no damage.
Pikel is lightly wounded.
You are no longer poisoned.
Pikel zaps a wand.
The bolt of acid misses you.
You closely miss Pikel.
Pikel is lightly wounded.
Pikel hits you with a whip of freezing. Pikel freezes you.
Your shield prevents you from hitting Pikel.
Pikel is lightly wounded.
Pikel hits you with a whip of freezing. Pikel freezes you.
You hit Pikel but do no damage.
Pikel is lightly wounded.
Pikel zaps a wand.
The bolt of acid hits you!
* * * LOW HITPOINT WARNING * * *
The acid burns!
You die...

#.....##...#####.#
###.####...#####.#
.....,..........###### #
......#...............# *#≈
......#.#.............######
##≈≈ ......#
#.......p..........# #≈≈#
###+#.#
#....##ppp...K.p...###§#p *
.# #..#. ##K####......#.§§K#
,#..#, #@# ######...'§.. ##
, *#.#* ** #...'..# , ... ,
, ,+...#≈#. * ,*##.## *
#...#≈§# , , ..# .....##≈≈ *
, #.# .####.. #≈ #.# # ...#
# ..., ,, ♣..# * * *


You could see Pikel and 4 slaves.

Vanquished Creatures
  Grinder (D:3)
  2 orc wizards (D:3)
  Natasha (D:3)
  Jessica (D:2)
  A worker ant (D:4)
  Robin (D:3)
  8 gnolls
  3 adders
  2 worms
  A dart slug (D:3)
  4 giant geckos
  23 orcs (D:3)
  5 bats
  A giant cockroach (D:2)
  11 goblins
  9 hobgoblins
  8 kobolds
  7 rats
89 creatures vanquished.

Notes
Turn   | Place    | Note
--------------------------------------------------------------
     0 | D:1      | Metae the Deep Dwarf Fighter began the quest for the Orb.
     0 | D:1      | Reached XP level 1. HP: 20/20 MP: 1/1
   582 | D:1      | Reached XP level 2. HP: 21/27 MP: 2/2
   887 | D:2      | Reached XP level 3. HP: 27/34 MP: 3/3
   923 | D:2      | Found a glowing silver altar of Zin.
   985 | D:2      | Noticed Jessica
  1004 | D:2      | Killed Jessica
  1004 | D:2      | Reached skill level 1 in Dodging
  1004 | D:2      | Reached skill level 1 in Stealth
  1245 | D:2      | Reached XP level 4. HP: 31/42 MP: 4/4
  1251 | D:2      | Reached skill level 1 in Evocations
  1264 | D:2      | Reached skill level 4 in Armour
  1490 | D:2      | Found a blossoming altar of Fedhas.
  1627 | D:2      | Became a worshipper of Zin the Law-Giver
  1706 | D:3      | Reached XP level 5. HP: 44/49 MP: 6/6
  1765 | D:3      | Noticed Grinder
  1773 | D:3      | Found a shattered altar of Ashenzari.
  1779 | D:3      | Killed Grinder
  1779 | D:3      | Reached XP level 6. HP: 31/57 MP: 7/7
  1875 | D:3      | Reached * piety under Zin
  2074 | D:3      | Reached skill level 5 in Armour
  2142 | D:3      | Noticed Robin
  2149 | D:3      | Killed Robin
  2311 | D:3      | Noticed Natasha
  2329 | D:3      | Killed Natasha
  2440 | D:3      | Reached XP level 7. HP: 51/64 MP: 7/7
  2703 | D:4      | Found a deep blue altar of Sif Muna.
  2860 | D:4      | Noticed Pikel
  2896 | D:4      | Splashed by Pikel's acid

Skill      XL: |  1  2  3  4  5  6  7 |
---------------+----------------------+-----
Fighting       | 3 4 |  4.3
Polearms       | 2 3 |  3.0
Dodging        | 1 2 |  2.6
Stealth        | 1 2 |  2.7
Evocations     | 1 2 |  2.2
Armour         | 4 5 |  5.1
Shields        | 4 |  4.1
Invocations    | |  0.6

Action                   |  1- 3 |  4- 6 |  7- 9 || total
-------------------------+-------+-------+-------++-------
Melee: Trident           |   104 |   218 |    48 ||   370
Invok: Recite            |       |     3 |       ||     3
 Abil: Device Recharging |       |     1 |       ||     1
Evoke: Wand              |       |     5 |       ||     5
  Use: Scroll            |       |     5 |       ||     5
  Eat: Chunk             |     1 |     2 |       ||     3
       Meat ration       |       |     1 |       ||     1
Armor: Scale mail        |    34 |    63 |    18 ||   115
Dodge: Dodged            |    31 |    55 |    16 ||   102
Block: Shield            |    58 |   102 |    27 ||   187
